 Dungeon Crawl Stone Soup version 0.26-b1-32-g5d43845318 (webtiles) character file.

Game seed: 5042590514936897550

39 salade2fruit the Chiller (level 3, -10/21 HPs)
             Began as an Octopode Ice Elementalist on Jan 7, 2021.
             Mangled by Sigmund
             ... wielding a +0 scythe
              (15 damage)
             ... on level 2 of the Dungeon.
             The game lasted 00:02:07 (1349 turns).

salade2fruit the Chiller (OpIE)                     Turns: 1349, Time: 00:02:08

Health: -10/21     AC:  1    Str:  7    XL:     3   Next: 47%
Magic:  5/6        EV: 13    Int: 18    God:
Gold:   119        SH:  0    Dex: 12    Spells: 3/7 levels left

rFire    . . .     SeeInvis .   j - +4 spear
rCold    . . .     Faith    .   (no shield)
rNeg     . . .     Spirit   .   (helmet restricted)
rPois    .         Reflect  .   c - amulet of magic regeneration
rElec    .         Harm     .   (no ring)
rCorr    .         Rampage  .   (no ring)
Will     .....                  (no ring)
Stlth    +++.......             (no ring)
HPRegen  0.07/turn              (no ring)
MPRegen  0.35/turn              (no ring)
                                (no ring)
                                (no ring)

@: frozen ramparts, attractive
A: almost no armour, stealthy swim, amphibious, 8 rings, constrict 8, camouflage
1, gelatinous body 1
a: no special abilities


You were on level 2 of the Dungeon.
You visited 1 branch of the dungeon, and saw 2 of its levels.

You collected 119 gold pieces.

Inventory:

Hand Weapons
 j - a +4 spear (weapon)
Missiles
 g - 15 poisoned darts
Jewellery
 c - an amulet of magic regeneration (around mantle)
Scrolls
 a - 2 scrolls of remove curse {unknown}
 b - 2 scrolls of enchant armour {unknown}
 d - a scroll of magic mapping {unknown}
 h - 2 scrolls of random uselessness {unknown}
 i - 3 scrolls of identify {unknown}
Potions
 f - a potion of haste {unknown}
 k - a potion of heal wounds {unknown}
 l - a potion of flight {unknown}


   Skills:
 - Level 2.0 Dodging
 + Level 3.7 Stealth
 + Level 2.5 Spellcasting
 + Level 4.4 Ice Magic


You had 3 spell levels left.
You knew the following spells:

 Your Spells              Type           Power        Failure   Level
a - Freeze                Ice            72%          2%          1
r - Frozen Ramparts       Ice            36%          9%          3

Your spell library contained the following spells:

 Spells                   Type           Power        Failure   Level
 Ozocubu's Armour         Ice            18%          9%          3
 Hailstorm                Conj/Ice       10%          56%         4
 Summon Ice Beast         Ice/Summ       10%          56%         4


Dungeon Overview and Level Annotations

Branches:
Dungeon (2/15)

Altars:

Annotations:
D:2 Sigmund


Innate Abilities, Weirdness & Mutations

You cannot wear most types of armour.
You are very stealthy in the water. (Stealth+)
You are amphibious.
You can wear up to eight rings at the same time.
You can use your tentacles to constrict eight enemies at once.
Your skin changes colour to match your surroundings (Stealth+).
Your rubbery body absorbs attacks. (AC +1, EV +1)


Message History

Sigmund is lightly wounded.
The wall freezes Sigmund.
Sigmund hits you from afar with a +0 scythe.
Unknown command.
You reach to attack!
You barely miss Sigmund.
Sigmund is moderately wounded.
The wall freezes Sigmund.
Sigmund closely misses you.
You reach to attack!
You hit Sigmund.
Sigmund is heavily wounded.
The wall freezes Sigmund.
Sigmund casts a spell at you. The puff of flame hits you!
* * * LOW HITPOINT WARNING * * *
Unknown command.
It was a potion of attraction.
You feel attractive to monsters.
The wall freezes Sigmund.
Sigmund hits you from afar with a +0 scythe!
Ouch! That really hurt!
You die...

####.## ## #.....# .#
##.##..#### .# #..........
.## #..##..#.## ..
#..#...#.# # @# .##........#
#.#####.##.........#.#
#.....@.#####.###.##.#
####.#### #.###.##.# #.#
#........# ##.## #####'####
##.#.## ##..<## ##.###.##
##.....## #.## ##.##
##.......#
#.####.###...####.........#
.........#.......'.........+


You could see Sigmund.

Vanquished Creatures
  A worm (D:1)
  3 dart slugs
  A leopard gecko (D:2)
  4 bats
  4 giant cockroaches (D:1)
  5 goblins
  4 hobgoblins
  A quokka (D:2)
  A frilled lizard (D:1)
  3 rats
27 creatures vanquished.

Notes
Turn   | Place    | Note
-------+----------+-------------------------------------------
     0 | D:1      | salade2fruit the Octopode Ice Elementalist began the quest
                  | for the Orb.
     0 | D:1      | Reached XP level 1. HP: 11/11 MP: 3/3
   196 | D:1      | Reached XP level 2. HP: 17/17 MP: 5/5
   921 | D:1      | Reached XP level 3. HP: 16/21 MP: 2/6
   995 | D:1      | Learned a level 3 spell: Frozen Ramparts
  1343 | D:2      | Noticed Sigmund
  1349 | D:2      | Mangled by Sigmund

Illustrated notes

Levels and vault maps discovered:
D:1:      dpeg_arrival_stone_temple_mockup, layout_basic
D:2:      layout_loops_corners, grunt_dithmenos_smoke_and_mirrors,
          uniq_crazy_yiuf_cottage, uniq_sigmund, uniq_robin

Skill      XL: |  1 |
---------------+----+-----
Stealth        | 3 |  3.7
Dodging        | |  2.0
Spellcasting   | |  2.5
Ice Magic      | |  4.4

Action                   || total
-------------------------++-------
Melee: Unarmed           ||     5
       Dagger            ||    19
       Constrict         ||     6
       Tentacles         ||     6
       Spear             ||    18
 Cast: Freeze            ||    17
       Frozen Ramparts   ||     1
  Use: Potion            ||     1
 Stab: Sleeping          ||     5
Armor: Skin              ||     2
Dodge: Dodged            ||    22
